Map: [ESL] Hard Lead

Players

Dolan

  • Race: Terran Terran
  • League: Master
  • Spawn Location: 5:00

Serral - Winner!

  • Race: Zerg Zerg
  • Spawn Location: 11:00

Event: HomeStory Cup XXIV

VOD

Have the link to the VOD?

Description

Time

  • Played on: Dec. 1, 2023, 8:04 a.m.
  • Length: 10:00

All games in this series

Show
View Real Time Build Order
Export as new Build Order

Dolan Terran 

Build Orders:  

Get SALT Encoding   

  12  0:00  SCV  
  13  0:12  SCV  
  14  0:17  Supply Depot  
  14  0:24  SCV  
  15  0:39  SCV  
  15  0:41  Barracks  
  16  0:51  SCV  
  16  0:52  Barracks  
  17  1:03  SCV  
  18  1:16  SCV  
  19  1:27  Marine  
  19  1:28  Orbital Command  
  19  1:30  Refinery  
  19  1:32  Supply Depot  
  20  1:39  Marine  
  21  1:45  Marine  
  22  1:55  SCV  
  22  1:57  Marine  
  24  2:07  SCV  
  25  2:11  Command Center  
  25  2:20  SCV  
  25  2:21  Barracks Reactor  
  26  2:25  Barracks  
  26  2:32  SCV, Supply Depot  
  26  2:35  Barracks Tech Lab  
  27  2:45  Barracks  
  27  2:46  SCV  
  28  2:58  SCV, Marine x3  
  28  3:01  Stimpack  
  32  3:11  SCV  
  33  3:14  Barracks Tech Lab  
  33  3:16  Marine x3  
  36  3:23  SCV  
  36  3:27  Orbital Command  
  37  3:36  SCV  
  37  3:38  Marine x4  
  37  3:39  Marine  
  43  3:52  SCV x2  
  43  3:53  Combat Shield  
  45  3:56  Marine x3  
  45  3:57  Marine x2  
  51  4:14  Marine x3  
  51  4:15  Marine x2  
  51  4:16  Supply Depot  
  54  4:25  Supply Depot  
  54  4:26  Factory  
  54  4:28  Refinery  
  54  4:31  Refinery x2  
  54  4:38  SCV x2  
  56  4:40  Supply Depot  
  56  4:43  Marine x2  
  56  4:44  Barracks Reactor  
  56  4:45  Marine x2  
  59  4:50  SCV x2  
  62  5:03  SCV x2  
  64  5:10  Engineering Bay  
  64  5:12  Supply Depot  
  64  5:15  SCV x2  
  64  5:18  Starport  
  66  5:22  Barracks  
  66  5:25  Siege Tank  
  66  5:26  Barracks Reactor  
  49  5:44  Marine x2, SCV x2  
  49  5:45  Marine x3  
  49  5:49  Terran Infantry Weapons Level 1  
  51  5:56  SCV x2  
  53  5:58  Siege Tank  
  56  6:06  Marine x2  
  56  6:07  Marine x2  
  56  6:10  SCV  
  61  6:12  SCV  
  61  6:13  Barracks Reactor  
  61  6:17  Medivac  
  61  6:18  Medivac  
  66  6:22  Barracks Reactor  
  66  6:26  SCV x2  
  66  6:27  Supply Depot  
  66  6:28  Marine x2  
  66  6:30  Marine  
  66  6:31  Marine  
  72  6:34  Marine  
  72  6:37  Siege Tank  
  76  6:43  SCV  
  76  6:46  Supply Depot  
  77  6:48  Supply Depot  
  77  6:56  Marine x7  
  77  6:58  Medivac  
  77  7:00  Medivac  
  88  7:07  Supply Depot  
  88  7:10  Supply Depot  
  88  7:19  Marine x4  
  88  7:20  Marine x5  
  97  7:23  Siege Tank  
  100  7:37  Marine x5  
  100  7:38  Marine x4  
  109  7:48  Liberator x2  
  109  7:50  Terran Infantry Armor Level 1  
  115  8:03  Marine x2  
  115  8:04  Marine x2  
  119  8:08  Siege Tank  
  119  8:09  Marine x2  
  124  8:27  Marine x2  
  124  8:33  Supply Depot  
  126  8:35  Liberator, Marine x4  
  126  8:36  Supply Depot  
  133  8:45  Liberator  
  121  8:48  Marine x5  
  121  8:53  Marine  
  127  9:02  Marine x3  
  128  9:03  Siege Tank  
  128  9:06  Marine x3  
  136  9:10  Marine x2  
  136  9:11  Marine  
  139  9:23  Marine x3  
  145  9:24  Marine  
  145  9:27  Marine  
  145  9:28  Marine  
  144  9:44  Supply Depot  
  132  9:46  Supply Depot  
Show
View Real Time Build Order
Export as new Build Order

Serral Zerg - Winner!

Build Orders: Hatch First 

Get SALT Encoding   

  12  0:00  Drone  
  13  0:12  Overlord  
  13  0:16  Drone  
  14  0:31  Drone x2  
  16  0:47  Hatchery  
  15  0:51  Drone  
  15  0:54  Drone  
  17  0:57  Drone  
  18  1:10  Extractor  
  17  1:12  Spawning Pool  
  17  1:15  Drone  
  17  1:19  Drone  
  18  1:28  Drone  
  19  1:38  Drone  
  20  1:49  Drone  
  21  1:59  Queen x2  
  21  2:00  Zergling x4  
  27  2:11  Overlord  
  27  2:13  Metabolic Boost  
  27  2:15  Overlord  
  27  2:32  Hatchery  
  27  2:34  Drone  
  27  2:35  Drone  
  28  2:42  Drone x3  
  31  2:48  Overlord  
  31  2:53  Overlord  
  30  3:08  Zergling x4  
  30  3:09  Zergling x2  
  30  3:10  Zergling x2  
  34  3:13  Drone x2  
  34  3:15  Queen  
  40  3:20  Drone x2  
  40  3:25  Overlord  
  40  3:26  Queen  
  40  3:30  Drone  
  43  3:36  Drone  
  44  3:42  Overlord  
  44  3:45  Zergling x2, Drone x2  
  44  3:46  Zergling x2  
  48  3:50  Baneling Nest  
  48  3:54  Drone x2  
  49  3:59  Zergling x4  
  51  4:03  Drone  
  51  4:05  Drone  
  54  4:10  Drone  
  54  4:13  Drone  
  54  4:14  Queen x2  
  54  4:16  Drone  
  60  4:20  Drone  
  60  4:21  Drone x2  
  63  4:25  Overlord  
  63  4:28  Overlord  
  63  4:29  Drone  
  64  4:34  Overlord  
  64  4:35  Drone x2  
  66  4:42  Overlord  
  66  4:43  Overlord  
  66  4:45  Zergling x4  
  67  4:46  Zergling x2  
  67  4:49  Zergling x6  
  71  4:55  Zergling x2  
  71  4:57  Baneling x7  
  71  4:59  Zergling x6  
  75  5:07  Extractor, Queen  
  75  5:08  Zergling x6  
  79  5:17  Zergling x6  
  82  5:22  Drone x4  
  86  5:28  Queen x2  
  85  5:41  Drone x8  
  84  5:44  Lair  
  84  5:46  Drone  
  84  5:53  Drone x2  
  86  5:57  Extractor, Evolution Chamber  
  86  5:58  Drone  
  86  6:01  Hatchery  
  86  6:03  Drone x2  
  86  6:08  Drone  
  86  6:10  Queen  
  89  6:12  Extractor  
  89  6:14  Drone x2  
  89  6:17  Overlord  
  90  6:20  Evolution Chamber  
  90  6:21  Zergling x4  
  90  6:24  Zergling x12  
  90  6:25  Zerg Ground Armor Level 1  
  97  6:30  Overlord x2  
  97  6:31  Drone  
  98  6:34  Zergling x4  
  98  6:36  Overlord  
  100  6:44  Centrifugal Hooks  
  100  6:46  Overseer  
  100  6:47  Zergling x12  
  106  6:56  Zerg Melee Weapons Level 1  
  106  6:57  Zergling x6  
  109  7:03  Zergling x12  
  109  7:04  Baneling x5  
  109  7:05  Hatchery  
  114  7:09  Zergling x2  
  114  7:14  Queen  
  117  7:21  Zergling x4, Overlord  
  117  7:22  Zergling x8  
  122  7:24  Zergling x10  
  122  7:27  Overlord x2  
  127  7:31  Baneling x3  
  127  7:34  Zergling x6  
  127  7:36  Zergling x2  
  131  7:39  Overlord  
  131  7:40  Zergling x2  
  132  7:49  Baneling x11  
  132  7:54  Zergling x20  
  132  7:57  Overlord  
  132  7:58  Zergling x4  
  143  8:03  Baneling x7  
  144  8:06  Zergling x6  
  145  8:13  Zergling x10  
  145  8:19  Zergling x2  
  154  8:20  Zergling x8  
  154  8:29  Baneling x11  
  154  8:34  Zergling x8  
  149  8:40  Zergling x10  
  154  8:47  Zergling x14  
  154  8:48  Zergling x2  
  150  9:00  Zergling x16  
  156  9:10  Zergling x10  
  156  9:14  Zergling x2  
  161  9:19  Baneling  
  161  9:20  Baneling x6, Overlord  
  161  9:21  Zergling x8  
  165  9:25  Zergling x2  
  165  9:26  Zergling x10  
  171  9:31  Overlord  
  166  9:38  Zergling x6  
  166  9:39  Zergling x4  
Tags
 
Add a new tag
Caveats
  • Supply blocks, unpowered buildings, or Contaminate may cause inaccurate times.
  • Supply counts are checked every 10 seconds.